AoeStats
← 76561199111261343

Arabia

510110667Analyzed
1v1 RM · 2d ago on Sep 29, 2026· 47m 22s· 2 players
Game mode
Random Map
Map size
Tiny (2 player)
Population
200
Speed
Normal
Resources
Standard
Victory
Conquest
Starting age
Dark Age
Ending age
Imperial Age
RankedLock teamsTeams togetherTeam positionsShared explorationLock speedFull tech treeHidden civsTurbo modeCheats
Victory
Defeat
🇨🇱 Franks · Chile
682
+16
🇮🇳 Chinese · India
682
-16
76561199111261343
1:39 Loom
10:41 Feudal Age
11:42 Town Watch
11:47 Double-Bit Axe
14:33 Horse Collar
15:16 Man-at-Arms
16:20 Man-at-Arms
18:28 Scale Mail Armor
20:39 Arson
23:49 Castle Age
22:44 Stone Mining
23:56 Gold Mining
24:34 Padded Archer Armor
24:38 Husbandry
25:26 Crossbowman
28:09 Thumb Ring
29:56 Pikeman
33:52 Bow Saw
34:21 Wheelbarrow
33:55 Heavy Plow
34:15 Murder Holes
35:08 Squires
37:17 Ballistics
37:15 Leather Archer Armor
43:21 Imperial Age
41:10 Hand Cart
42:27 Fortified Wall
42:25 Scale Barding Armor
46:05 Conscription
47:26 Chemistry
46:56 Bow Saw
Don Genuino
9:34 Loom
11:58 Feudal Age
13:24 Double-Bit Axe
22:11 Castle Age
24:39 Bow Saw
24:34 Husbandry
24:48 Forging
24:45 Scale Barding Armor
29:46 Iron Casting
36:09 Gold Mining
42:17 Chain Barding Armor
45:10 Imperial Age
45:29 Cavalier
47:11 Blast Furnace
46:47 Plate Barding Armor
46:16 Fletching
Connection lost

Rejoining the realm…

Still unreachable

The connection could not be restored.

Session expired

The server has moved on; the page needs a fresh start.